 Dungeon Crawl Stone Soup version 0.31-a0-259-g771a54ca4b (webtiles) character file.

Game seed: 3613691160596659990

115 qw the Shooter (level 5, 0/30 HPs)
             Began as a Gargoyle Hexslinger on July 13, 2023.
             Slain by an iguana (2 damage)
             ... on level 4 of the Dungeon.
             The game lasted 00:01:01 (2308 turns).

qw the Shooter (Gargoyle Hexslinger)                Turns: 2308, Time: 00:01:02

Health: 0/30       AC: 13    Str: 11    XL:     5   Next: 0%
Magic:  6/6        EV: 10    Int: 14    God:
Gold:   160        SH:  0    Dex: 14    Spells: 5/6 levels left

rFire   . . .        Y - +1 sling
rCold   . . .        (no shield)
rNeg    + . .        e - +2 ring mail {rPois}
rPois   inf          (no helmet)
rElec   +            c - +1 cloak
rCorr   .            (no gloves)
SInv    .            (no boots)
Will    .....        (no amulet)
Stlth   +            (no ring)
HPRegen 0.25/turn    (no ring)
MPRegen 0.10/turn

%: no passive effects
@: no status effects
A: sickness immunity, AC +4, negative energy resistance 1, electricity
resistance, torment resistance 1, petrification resistance
a: no special abilities


You were on level 4 of the Dungeon.
You visited 1 branch of the dungeon, and saw 4 of its levels.

You collected 160 gold pieces.


Innate Abilities, Weirdness & Mutations

You are immune to sickness and miasma.
Your stone body is resilient. (AC +4)
You are immune to poison.
You resist negative energy. (rN+)
You are resistant to electric shocks. (rElec)
You are resistant to unholy torment.
You are immune to petrification.


   Skills:
 - Level 2.0 Fighting
 + Level 4.5 Ranged Weapons
 - Level 1.0 Armour
 - Level 1.5 Dodging
 - Level 1.0 Spellcasting
 - Level 2.6 Hexes


You had 5 spell levels left.
You knew the following spells:

 Your Spells              Type           Power      Damage    Failure   Level
a - Slow                  Hex            32%        N/A       21%         1

Your spell library contained the following spells:

 Spells                   Type           Power      Damage    Failure   Level
 Inner Flame              Hex/Fire       4%         N/A       71%         3
 Portal Projectile        Hex/Tloc       8%         N/A       71%         3
 Cause Fear               Hex            4%         N/A       90%         4

Inventory:

Hand Weapons
 Y - a +1 sling (weapon)
Armour
 c - a +1 cloak (worn)
 e - a +2 ring mail of poison resistance (worn)
Scrolls
 a - a scroll of identify
Potions
 b - a potion of cancellation {unknown}
 d - a potion of berserk rage {unknown}
 f - a potion of mutation {unknown}
 g - a potion of resistance {unknown}
 h - a potion of brilliance {unknown}
 i - a potion of curing
 k - a potion of heal wounds {unknown}

Dungeon Overview and Level Annotations

Branches:
Dungeon (4/15)
 Temple: D:4-7

Altars:


Message History

The iguana closely misses you. The endoplasm barely misses you.
You shoot a sling bullet.
The sling bullet hits the endoplasm but does no damage.
The endoplasm is almost dead.
The giant cockroach bites you but does no damage.
The adder bites you but does no damage. The iguana bites you!
The endoplasm closely misses you.
The giant cockroach bites you but does no damage.
You shoot a sling bullet.
The sling bullet hits the endoplasm but does no damage.
The endoplasm is almost dead.
The adder bites you.
The giant cockroach bites you but does no damage.
The iguana closely misses you. The endoplasm freezes you.
You are frozen.
The adder bites you but does no damage.
The giant cockroach bites you but does no damage.
You shoot a sling bullet. The sling bullet hits the endoplasm.
You kill the endoplasm!
The adder closely misses you.
The iguana bites you but does no damage.
The giant cockroach barely misses you. The adder bites you but does no damage.
The iguana barely misses you.
You have reached level 5!
You shoot a sling bullet.
The sling bullet barely misses the iguana.
The giant cockroach barely misses you. The quokka barely misses you.
The adder bites you but does no damage. The iguana barely misses you.
The giant cockroach barely misses you. The adder closely misses you.
The quokka bites you but does no damage.
You shoot a sling bullet.
The sling bullet hits the iguana but does no damage.
The iguana is lightly wounded.
The iguana barely misses you. The giant cockroach bites you.
The adder bites you. The quokka bites you.
You shoot a sling bullet. The sling bullet hits the iguana.
The iguana is moderately wounded.
The adder bites you but does no damage. The giant cockroach closely misses you.
The quokka barely misses you. The iguana bites you.
You die...

...... ..
...... .#
...... .#
#.....# ..
....... .#
....).. .#
......l#.####
.......@....#
......BSr...#
............#
............#
...(........#
............#
..........###
..........#


You could see an iguana, an adder, a quokka and a giant cockroach.

Vanquished Creatures
  3 adders (D:2)
  2 worms (D:2)
  3 dart slugs
  3 orcs (D:3)
  5 endoplasms
  4 giant cockroaches
  7 goblins
  6 hobgoblins
  9 jackals
  5 quokkas
  4 ball pythons
  2 bats (D:1)
  2 frilled lizards (D:1)
  7 kobolds
  A rat (D:2)
63 creatures vanquished.

Notes
Turn   | Place    | Note
-------+----------+-------------------------------------------
     0 | D:1      | qw the Gargoyle Hexslinger began the quest for the Orb.
     0 | D:1      | Reached XP level 1. HP: 12/12 MP: 2/2
     0 | D:1      | 0 ||| qw: Version: 0.3-a-52-g30416fa
     0 | D:1      | 0 ||| qw: Game counter: 6890
     0 | D:1      | 0 ||| qw: Melee chars always use a shield: true
     0 | D:1      | 0 ||| qw: God list: Okawaru
     0 | D:1      | 0 ||| qw: Allow faded altars: false
     0 | D:1      | 0 ||| qw: Do Orc after clearing Dungeon:15 true
     0 | D:1      | 0 ||| qw: Do second Lair branch before Depths: true
     0 | D:1      | 0 ||| qw: Lair rune preference: random
     0 | D:1      | 0 ||| qw: Goals: Normal
     0 | D:1      | 0 ||| PLANNING D:1-11
   183 | D:1      | Reached XP level 2. HP: 16/16 MP: 3/3
   373 | D:1      | Reached skill level 3 in Ranged Weapons
   521 | D:1      | Reached XP level 3. HP: 14/21 MP: 4/4
   911 | D:1      | 911 ||| UPGRADING to +2 ring mail of poison resistance.
   921 | D:1      | 921 ||| DROPPING +0 robe.
   922 | D:1      | 922 ||| READING scroll labelled INECZUFESO.
   939 | D:1      | 939 ||| READING scroll labelled NUINARPHOUJOPS.
   940 | D:1      | 940 ||| DROPPING scroll of poison.
  1258 | D:2      | Reached XP level 4. HP: 26/26 MP: 5/5
  1374 | D:2      | Reached skill level 4 in Ranged Weapons
  1493 | D:2      | Reached skill level 1 in Armour
  1678 | D:2      | 1678 ||| UPGRADING to +0 cloak.
  1683 | D:2      | 1683 ||| READING 2 scrolls labelled ERYXKYTASS.
  1684 | D:2      | 1684 ||| DRINKING 2 glowing blue potions.
  1859 | D:3      | 1859 ||| READING scroll of enchant armour.
  1859 | D:3      | 1859 ||| ENCHANTING +0 cloak.
  2214 | D:3      | 2214 ||| READING scroll labelled QUDGHI SUTWURY.
  2215 | D:3      | 2215 ||| READING scroll labelled HIMO DY JYWN.
  2216 | D:3      | 2216 ||| DRINKING 3 fizzy pink potions.
  2217 | D:3      | 2217 ||| DROPPING 2 potions of attraction.
  2304 | D:4      | HP: 6/26 [frozen (4)]
  2306 | D:4      | Reached XP level 5. HP: 7/30 MP: 6/6
  2307 | D:4      | HP: 2/30 [quokka (3)]
  2308 | D:4      | Slain by an iguana

Levels and vault maps discovered:
D:1:      mrwooster_arrival_arrow, layout_basic
D:2:      layout_loops_ring, minivault_27
D:3:      layout_loops_ring
D:4:      layout_rooms, minmay_rat_hole

Skill      XL: |  1  2  3  4 |
---------------+-------------+-----
Ranged Weapons | 3 4 |  4.5
Fighting       | 2 |  2.0
Armour         | 1 |  1.0
Dodging        | |  1.5
Spellcasting   | |  1.0
Hexes          | |  2.6

Action                     |  1- 3 |  4- 6 || total
---------------------------+-------+-------++-------
   Fire: Sling             |   130 |   146 ||   276
    Use: Scroll            |     2 |     4 ||     6
         Potion            |       |     2 ||     2
 Armour: Robe              |    10 |       ||    10
         Ring mail         |    19 |    83 ||   102
  Dodge: Dodged            |    42 |   101 ||   143

Table legend:
 A = Non-vault XP
 B = Vault XP
 C = Vault XP percentage of total XP
 D = Non-vault monster count
 E = Vault monster count
 F = Vault count percentage of total count
                 A         B        C        D         E       F
            +---------+---------+-------+---------+---------+-------
      Total |     165 |       0 |   0.0 |      63 |       0 |   0.0
            +---------+---------+-------+---------+---------+-------
        D:1 |      36 |       0 |   0.0 |      20 |       0 |   0.0
        D:2 |      88 |       0 |   0.0 |      23 |       0 |   0.0
        D:3 |      25 |       0 |   0.0 |      12 |       0 |   0.0
        D:4 |      16 |       0 |   0.0 |       8 |       0 |   0.0
            +---------+---------+-------+---------+---------+-------
